Map: [ESL] Curious Minds

Players

uThermal

  • Race: Terran Terran

Astrea - Winner!

  • Race: Protoss Protoss

Event: IEM Katowice 2022

VOD

Have the link to the VOD?

Description

Time

  • Played on: Feb. 23, 2022, 2 p.m.
  • Length: 21:11

All games in this series

Show
View Real Time Build Order
Export as new Build Order

uThermal Terran 

Build Orders:  

Get SALT Encoding   

  12  0:00  SCV  
  13  0:12  SCV  
  14  0:17  Supply Depot  
  14  0:24  SCV  
  15  0:38  SCV  
  15  0:40  Barracks  
  16  0:43  Refinery  
  16  0:50  SCV  
  17  1:03  SCV  
  18  1:15  SCV  
  19  1:27  Marine, Orbital Command  
  20  1:41  Command Center  
  20  1:47  Barracks Reactor  
  20  1:53  SCV  
  21  1:55  Supply Depot  
  21  2:05  SCV  
  21  2:08  Factory  
  22  2:17  SCV  
  22  2:21  Bunker  
  22  2:22  Marine  
  23  2:23  Marine  
  23  2:29  SCV  
  26  2:31  Refinery  
  26  2:42  SCV  
  27  2:53  Widow Mine, Starport  
  27  2:54  Orbital Command  
  27  2:55  SCV  
  27  2:58  Marine  
  31  2:59  Marine  
  32  3:07  SCV  
  33  3:16  Widow Mine  
  33  3:19  SCV x2  
  36  3:23  Marine x2  
  38  3:29  Medivac  
  38  3:31  SCV  
  38  3:32  Supply Depot, SCV  
  42  3:37  Widow Mine  
  44  3:42  Refinery  
  44  3:43  SCV, Marine  
  46  3:53  SCV, Marine  
  46  3:55  SCV  
  49  3:56  Supply Depot  
  49  3:57  Barracks  
  49  4:00  Starport Tech Lab, Factory Tech Lab  
  49  4:05  SCV  
  49  4:06  Marine  
  51  4:11  Marine  
  51  4:13  Supply Depot  
  51  4:16  SCV  
  53  4:19  Raven  
  53  4:21  SCV  
  53  4:23  Siege Tank  
  59  4:29  Barracks  
  59  4:30  SCV  
  60  4:33  Marine  
  60  4:34  Marine  
  62  4:38  SCV  
  62  4:42  Supply Depot  
  62  4:43  SCV  
  64  4:51  SCV  
  64  4:52  Marine x2, Engineering Bay  
  67  4:55  Siege Tank  
  67  4:58  SCV  
  69  5:03  SCV  
  70  5:08  Supply Depot, Marine  
  70  5:10  SCV  
  70  5:11  Marine x2  
  70  5:12  Stimpack  
  74  5:15  SCV  
  74  5:20  Terran Infantry Weapons Level 1, Starport Reactor  
  75  5:22  Supply Depot, SCV  
  75  5:26  Marine  
  75  5:27  SCV  
  78  5:30  Marine  
  78  5:31  Marauder  
  78  5:34  SCV  
  82  5:35  Factory Reactor  
  82  5:39  Marine  
  82  5:40  Supply Depot, SCV  
  84  5:44  Marauder  
  86  5:50  Marine, Combat Shield  
  86  5:52  Marauder  
  86  5:53  Supply Depot  
  89  6:00  Marine  
  86  6:05  Marauder  
  86  6:06  Medivac  
  86  6:07  Medivac  
  92  6:13  Command Center  
  92  6:14  Widow Mine x2  
  92  6:15  Marine  
  92  6:17  Supply Depot  
  97  6:20  Marine  
  98  6:27  Supply Depot  
  98  6:30  Marine, Marauder  
  99  6:33  Marine  
  99  6:35  Widow Mine x2  
  99  6:36  Medivac  
  104  6:48  SCV  
  104  6:49  Barracks  
  104  6:51  Barracks, Marine x2, Marauder  
  104  6:52  Marauder  
  108  6:56  Widow Mine x2  
  112  7:01  Refinery  
  112  7:02  SCV  
  112  7:07  SCV  
  112  7:09  Marine  
  112  7:13  Marauder, Marine  
  112  7:14  Supply Depot, Terran Infantry Armor Level 1, Marine  
  113  7:18  Widow Mine x2, SCV  
  113  7:20  SCV  
  119  7:26  Missile Turret  
  119  7:32  SCV  
  119  7:33  Marauder  
  119  7:34  SCV  
  121  7:38  Barracks Reactor, Barracks Tech Lab  
  121  7:39  Widow Mine x2  
  121  7:42  Medivac x2  
  127  7:47  Concussive Shells  
  127  7:52  Missile Turret  
  127  7:53  Missile Turret  
  127  7:57  Missile Turret, Orbital Command  
  127  8:01  Widow Mine  
  127  8:03  Widow Mine, Marine  
  127  8:05  Marine  
  133  8:07  Marine x2  
  133  8:08  Marine  
  133  8:12  SCV x2  
  134  8:21  Marine  
  134  8:22  Widow Mine, Marine x2  
  134  8:25  Widow Mine, SCV  
  134  8:26  Marauder  
  144  8:29  Armory  
  144  8:33  SCV, Marine  
  146  8:34  Armory, Marine  
  146  8:36  Engineering Bay  
  146  8:38  SCV  
  146  8:41  SCV  
  149  8:42  Supply Depot  
  149  8:46  Supply Depot  
  149  9:01  Marine x2  
  149  9:02  SCV, Marine x2, Medivac  
  149  9:03  Marine, Medivac  
  149  9:04  Marauder x2  
  149  9:09  Widow Mine  
  141  9:16  SCV  
  129  9:19  Marine x2  
  129  9:20  Supply Depot  
  129  9:21  Marauder  
  129  9:22  Widow Mine, Bunker, Terran Infantry Weapons Level 2  
  135  9:24  Terran Infantry Armor Level 2  
  135  9:25  SCV, Marauder  
  135  9:31  Marine, Marauder  
  140  9:34  SCV  
  140  9:36  Marine  
  141  9:39  Widow Mine, Marine  
  141  9:42  Marauder  
  141  9:44  SCV  
  141  9:45  Ghost Academy  
  147  9:46  Marine  
  147  9:49  Marine x2  
  150  9:59  SCV  
  151  10:00  Supply Depot, Refinery  
  151  10:01  Widow Mine  
  153  10:07  Sensor Tower  
  147  10:16  Ghost x2  
  143  10:27  Ghost  
  125  10:29  Marine x2  
  125  10:32  Marine  
  125  10:35  SCV, Command Center  
  127  10:37  Widow Mine x2  
  127  10:41  Bunker  
  131  10:43  Refinery  
  131  10:44  Marine  
  131  10:45  Missile Turret, Marauder x2  
  131  10:47  Marine  
  137  10:50  Marine  
  137  10:52  SCV  
  137  10:56  Ghost  
  141  11:06  Marine  
  141  11:07  Barracks, Marauder  
  141  11:08  Barracks  
  141  11:09  Barracks  
  144  11:11  Ghost  
  144  11:13  Marine  
  144  11:14  Marine  
  144  11:17  SCV  
  149  11:19  Marine  
  149  11:25  Marauder  
  152  11:28  Marauder  
  152  11:31  Viking x2  
  158  11:35  Marine x2  
  160  11:40  Supply Depot, Ghost  
  160  11:47  Marauder  
  162  11:48  Marine  
  162  11:49  Marauder  
  165  11:57  Marine  
  165  12:01  SCV  
  155  12:05  Viking x2  
  155  12:07  SCV x2, Bunker  
  155  12:08  Marauder  
  163  12:09  Marauder  
  163  12:13  SCV  
  163  12:14  Barracks Tech Lab  
  163  12:15  Barracks Tech Lab  
  166  12:20  Marine x2  
  166  12:21  Marauder  
  166  12:22  SCV, Marine  
  170  12:28  Marine  
  170  12:29  Marauder  
  171  12:30  SCV x2  
  171  12:33  Planetary Fortress  
  171  12:34  Viking  
  175  12:39  SCV  
  175  12:40  Missile Turret  
  176  12:47  Marine x2, Marauder x2  
  181  12:54  SCV  
  179  12:58  Marine  
  179  12:59  Marauder  
  179  13:04  Marine x2, Marauder  
  179  13:05  Marauder  
  188  13:06  SCV  
  188  13:07  SCV  
  190  13:12  Medivac x2  
  190  13:13  SCV  
  191  13:27  Marine x2, Marauder x2  
  191  13:30  SCV  
  191  13:32  Command Center  
  196  13:38  Marine x2, Marauder  
  196  13:44  Viking x2  
  196  13:45  Marine, Marauder  
  186  13:55  Ghost  
  186  14:09  Marine x2  
  164  14:10  Marauder x2, Marine  
  164  14:11  Marauder  
  162  14:17  Marine  
  162  14:18  Marauder  
  162  14:22  Marine  
  152  14:25  Marauder  
  152  14:29  Marine  
  152  14:30  Marine  
  158  14:31  Marauder x2  
  158  14:34  Ghost  
  158  14:35  Marine  
  158  14:37  SCV  
  158  14:38  Marine  
  155  14:39  Marauder  
  155  14:40  Marine  
  155  14:41  SCV  
  155  14:42  Command Center  
  151  14:46  Marauder  
  151  14:49  Marine x2  
  141  14:52  Marauder  
  141  14:53  Marauder  
  133  15:01  Marauder  
  133  15:02  Viking x2  
  133  15:03  Marine, Marauder  
  136  15:09  Marine x3, Marauder  
  136  15:10  Marine  
  143  15:14  Marauder x2  
  143  15:20  Marine  
  144  15:22  SCV, Marauder  
  144  15:25  Marauder  
  144  15:26  Marine  
  150  15:31  Marine  
  150  15:32  Marauder, Medivac x2  
  150  15:34  Terran Infantry Weapons Level 3  
  157  15:41  Terran Infantry Armor Level 3  
  157  15:43  Marine  
  157  15:49  Marine x2  
  161  15:50  Marauder  
  161  15:51  Marine  
  163  15:59  Sensor Tower  
  163  16:02  Medivac  
  163  16:03  Medivac  
  167  16:10  Marine x2  
  167  16:11  Marauder x2  
  167  16:30  Marine, Marauder  
  167  16:32  Medivac  
  140  16:33  Medivac  
  140  16:34  Marine x2  
  140  16:35  Marauder x2  
  140  16:36  Marine  
  140  16:37  Marauder  
  131  16:42  Marine  
  131  16:43  Marauder  
  129  16:48  Marine  
  129  16:52  Marauder, Marine x2  
  134  16:56  Marauder  
  136  17:02  Marine, Marauder  
  136  17:04  Ghost  
  136  17:05  Ghost, Marine  
  148  17:13  Ghost  
  150  17:17  Ghost  
  150  17:22  Marine x2  
  150  17:23  Ghost  
  150  17:24  Marine  
  150  17:27  Viking  
  155  17:33  Viking  
  155  17:34  Marauder x2  
  161  17:43  Missile Turret, Ghost  
  163  17:47  Marine x2  
  163  17:48  Missile Turret, Marauder, Marine  
  168  17:52  Marauder  
  170  18:01  Ghost  
  172  18:12  Ghost  
  173  18:13  Planetary Fortress  
  173  18:14  Missile Turret  
  173  18:15  Marine  
  174  18:23  Marine  
  174  18:24  Marauder x2  
  176  18:33  Marine  
  179  18:34  Marauder  
  179  18:35  Command Center  
  162  18:49  Ghost  
  162  18:50  Marine  
  162  18:51  Marine, Marauder x2  
  162  18:54  Marine  
  162  18:55  Marauder  
  173  18:57  Marine  
  173  18:58  Marauder  
  176  19:04  Medivac  
  176  19:09  Marine x2  
  180  19:12  Marauder  
  180  19:13  Marauder  
  180  19:15  Ghost  
  184  19:24  Refinery  
  184  19:27  Refinery  
  158  19:42  Marine x2, Marauder x2  
  158  19:43  Marine x2  
  158  19:44  Marauder x2, Marine  
  158  19:45  Marauder  
  167  19:59  Marine  
  151  20:01  Marine  
  151  20:04  Marauder x2  
  147  20:24  Marine  
  147  20:25  Marauder  
  147  20:28  Marine  
  108  20:29  Marauder  
Show
View Real Time Build Order
Export as new Build Order

Astrea Protoss - Winner!

Build Orders: 1 Gate Expand, Phoenix Opening, Blink Stalkers 

Get SALT Encoding   

  12  0:00  Probe  
  13  0:12  Probe  
  14  0:16  Pylon  
  14  0:24  Probe (Chrono Boost)  
  15  0:36  Gateway, Probe (Chrono Boost)  
  16  0:44  Probe (Chrono Boost)  
  16  0:46  Assimilator  
  17  0:51  Probe  
  18  1:03  Probe  
  19  1:15  Probe  
  20  1:23  Cybernetics Core  
  20  1:31  Nexus  
  20  1:34  Probe  
  21  1:42  Pylon  
  21  1:46  Probe  
  22  1:51  Assimilator  
  22  1:58  Probe (Chrono Boost)  
  22  2:00  Adept  
  22  2:01  Warp Gate  
  26  2:09  Probe (Chrono Boost)  
  26  2:14  Probe (Chrono Boost)  
  27  2:24  Probe  
  27  2:25  Twilight Council  
  28  2:33  Stalker  
  31  2:38  Probe (Chrono Boost)  
  31  2:43  Probe (Chrono Boost)  
  32  2:47  Gateway  
  33  2:53  Probe x2 (Chrono Boost)  
  33  2:54  Blink (Chrono Boost)  
  33  2:58  Probe (Chrono Boost)  
  34  3:00  Probe  
  36  3:10  Probe  
  37  3:13  Probe  
  37  3:19  Sentry  
  38  3:22  Probe  
  38  3:25  Probe  
  40  3:32  Nexus  
  40  3:34  Probe  
  40  3:37  Probe  
  40  3:38  Pylon  
  42  3:46  Probe  
  43  3:49  Probe  
  43  3:50  Stalker  
  46  3:56  Stalker, Phoenix  
  46  3:58  Probe  
  46  4:01  Probe  
  50  4:02  Pylon  
  50  4:06  Robotics Facility  
  50  4:08  Assimilator  
  50  4:10  Probe  
  50  4:14  Stalker  
  50  4:16  Probe  
  54  4:23  Pylon  
  54  4:24  Stalker  
  54  4:25  Probe  
  57  4:32  Probe  
  57  4:37  Probe  
  59  4:43  Stalker, Charge (Chrono Boost)  
  59  4:44  Probe  
  59  4:45  Probe  
  63  4:50  Forge, Probe (Chrono Boost)  
  64  4:57  Probe (Chrono Boost)  
  64  4:58  Observer  
  67  5:00  Probe (Chrono Boost)  
  67  5:03  Pylon  
  67  5:06  Gateway x2  
  69  5:08  Probe x2 (Chrono Boost)  
  69  5:12  Probe (Chrono Boost)  
  69  5:13  Stalker, Probe (Chrono Boost)  
  73  5:14  Probe (Chrono Boost)  
  73  5:17  Protoss Ground Weapons Level 1 (Chrono Boost)  
  75  5:22  Observer  
  75  5:27  Gateway x2  
  75  5:32  Gateway  
  75  5:34  Gateway  
  75  5:36  Zealot  
  75  5:37  Zealot  
  75  5:46  Probe x3  
  78  5:57  Stalker x2  
  78  5:58  Probe  
  83  6:06  Warp Prism  
  83  6:08  Probe  
  83  6:10  Probe x2  
  86  6:14  Shield Battery  
  86  6:16  Zealot x2  
  90  6:19  Pylon  
  90  6:22  Zealot  
  92  6:39  Pylon  
  92  6:42  Sentry, Zealot x3  
  92  6:45  Pylon x2  
  100  6:54  Protoss Ground Armor Level 1 (Chrono Boost)  
  100  6:58  Observer  
  100  6:59  Zealot x4, Observer  
  106  7:12  Zealot x4  
  106  7:13  Immortal (Chrono Boost)  
  110  7:17  Pylon x2  
  114  7:24  Zealot x3  
  114  7:25  Zealot, Observer  
  121  7:34  Zealot x2  
  121  7:35  Zealot x2  
  121  7:36  Templar Archives  
  127  7:38  Probe x3  
  127  7:39  Observer  
  127  7:40  Assimilator  
  127  7:41  Assimilator x2  
  127  7:43  Pylon  
  126  7:48  Immortal  
  126  7:50  Zealot x4, Probe  
  139  7:51  Probe  
  139  7:52  Probe  
  139  7:56  Pylon  
  141  8:00  Psionic Storm  
  141  8:09  Pylon  
  141  8:13  Pylon  
  141  8:17  High Templar x4  
  147  8:25  Zealot x4  
  154  8:28  Observer  
  154  8:31  Nexus  
  155  8:35  Protoss Ground Weapons Level 2 (Chrono Boost)  
  155  8:43  Pylon  
  155  8:46  Forge  
  146  9:04  Zealot x8  
  124  9:13  Immortal  
  122  9:30  Protoss Ground Armor Level 2 (Chrono Boost)  
  120  9:34  High Templar x3  
  120  9:35  High Templar, Zealot x4  
  120  9:37  Probe x3  
  137  9:40  Shield Battery  
  137  9:41  Robotics Bay  
  137  9:45  Robotics Facility  
  137  9:46  Archon x2  
  137  9:48  Probe  
  137  9:49  Probe x3  
  141  9:53  Observer  
  142  10:00  Probe  
  142  10:01  Probe x2  
  137  10:21  Archon  
  137  10:22  Zealot x8  
  131  10:29  Colossus x2 (Chrono Boost)  
  123  10:40  Protoss Ground Weapons Level 3 (Chrono Boost)  
  123  10:45  Sentry x2, Zealot x5  
  123  10:46  Zealot  
  123  10:48  Extended Thermal Lance  
  139  10:50  Observer  
  139  10:57  Photon Cannon  
  139  10:58  Observer  
  139  11:06  Colossus (Chrono Boost)  
  148  11:20  Zealot x2  
  148  11:23  Stalker x4, Colossus (Chrono Boost)  
  148  11:24  Zealot x2  
  160  11:47  Zealot x8  
  160  11:50  Colossus (Chrono Boost), Observer  
  160  11:53  Pylon  
  182  11:55  Gateway  
  182  12:04  Disruptor (Chrono Boost)  
  182  12:06  Protoss Ground Armor Level 3 (Chrono Boost)  
  180  12:23  Zealot x8  
  192  12:35  Photon Cannon  
  192  12:37  Pylon  
  192  12:40  Disruptor (Chrono Boost)  
  196  12:44  Disruptor (Chrono Boost), Observer  
  196  12:46  Gateway  
  196  12:48  Gateway  
  196  12:51  Gateway  
  188  13:08  Nexus, Disruptor  
  188  13:11  Photon Cannon  
  188  13:12  Pylon  
  189  13:14  Disruptor  
  189  13:15  Photon Cannon  
  191  13:26  Stalker x5  
  191  13:27  Stalker x4  
  190  13:48  Disruptor  
  186  13:50  Disruptor  
  186  13:54  Stalker x7  
  200  13:57  Protoss Shields Level 1 (Chrono Boost)  
  164  14:12  Nexus, Zealot x5  
  160  14:20  Zealot x7  
  154  14:25  Zealot x5  
  154  14:26  Zealot x2  
  154  14:29  Probe x3  
  154  14:30  Probe  
  130  14:41  Probe  
  121  14:49  Observer  
  121  14:50  Stalker x6  
  129  15:00  Probe x4  
  131  15:10  Disruptor x2 (Chrono Boost)  
  131  15:14  Probe  
  134  15:24  Probe x3  
  134  15:25  Probe  
  138  15:33  Zealot  
  138  15:35  Zealot  
  142  15:42  Zealot x4  
  156  15:46  Observer x2  
  156  15:49  Gravitic Boosters  
  152  15:50  Dark Shrine  
  152  15:51  Probe x3  
  152  15:52  Probe x2  
  152  15:53  Pylon  
  157  16:10  Zealot  
  157  16:11  Zealot x7  
  157  16:26  Zealot x4  
  138  16:41  Disruptor x2  
  138  16:46  Zealot x5  
  138  16:47  Zealot x6  
  166  17:00  Shadow Stride (Chrono Boost)  
  165  17:16  Disruptor  
  165  17:17  Disruptor  
  165  17:19  Photon Cannon, Shield Battery, Assimilator  
  165  17:20  Assimilator  
  171  17:23  Observer  
  171  17:26  Dark Templar  
  171  17:27  Dark Templar  
  175  17:32  Nexus  
  173  17:41  Observer  
  173  17:42  Photon Cannon, Zealot x6  
  173  17:43  Shield Battery  
  183  17:44  Pylon  
  183  17:53  Pylon  
  183  17:59  Pylon  
  180  18:13  Zealot x10  
  198  18:28  Stalker  
  188  18:51  Dark Templar  
  188  18:52  Dark Templar x6  
  200  19:22  Assimilator  
  162  19:49  Dark Templar x11  
  181  20:14  Disruptor x2 (Chrono Boost)  
  179  20:22  Nexus  
  131  20:31  Zealot x3  
  131  20:32  Zealot x9  
  115  20:59  Zealot x6  

Tags
 
Add a new tag
Caveats
  • Supply blocks, unpowered buildings, or Contaminate may cause inaccurate times.
  • Supply counts are checked every 10 seconds.